 Dungeon Crawl Stone Soup version 0.25-a0-869-g05d4e06a41 (webtiles) character file.

Game seed: 3007263265034997772, levelgen mode: deterministic

88 Maedhros the Insei (level 4, -6/31 HPs)
             Began as an Octopode Chaos Knight on May 1, 2020.
             Was a Plaything of Xom.
             Mangled by Sigmund
             ... wielding a +0 scythe
              (9 damage)
             ... on level 2 of the Dungeon.
             The game lasted 00:02:13 (2446 turns).

Maedhros the Insei (Octopode Chaos Knight)          Turns: 2446, Time: 00:02:14

Health: -6/31      AC:  1    Str:  9 (11) XL:     4   Next: 53%
Magic:  4/4        EV: 13    Int: 12 (14) God:    Xom [..*...]
Gold:   18         SH:  0    Dex:  9 (12) Spells: 3/3 levels left

rFire    . . .     SeeInvis .     - Unarmed
rCold    . . .     Gourm    .   (no shield)
rNeg     . . .     Faith    .   (helmet restricted)
rPois    .         Spirit   .   (no amulet)
rElec    .         Reflect  .   (no ring)
rCorr    .         Harm     .   (no ring)
MR       .....                  (no ring)
Stlth    ++........             (no ring)
HPRegen  0.10/turn              (no ring)
MPRegen  0.09/turn              (no ring)
                                (no ring)
                                (no ring)

@: confused
A: almost no armour, stealthy swim, amphibious, 8 rings, constrict 8, camouflage
1, gelatinous body 1
a: Renounce Religion


You were on level 2 of the Dungeon.
You worshipped Xom.
You were a toy of Xom.
You were very hungry.

You visited 1 branch of the dungeon, and saw 3 of its levels.

You collected 18 gold pieces.

Inventory:

Missiles
 c - 3 boomerangs (quivered)
Scrolls
 b - 2 scrolls of identify {unknown}
 d - a scroll of immolation {unknown}
Comestibles
 a - 2 rations


   Skills:
 - Level 3.0 Fighting
 - Level 2.3 Dodging
 + Level 5.2 Unarmed Combat


You had 3 spell levels left.
You didn't know any spells.
Your spell library was empty.

Dungeon Overview and Level Annotations

Branches:
Dungeon (3/15)

Altars:

Annotations:
D:2 Sigmund
D:3 3 runed translucent doors, Natasha; Tali's ghost, amateur DsBe


Innate Abilities, Weirdness & Mutations

You cannot wear most types of armour.
You are very stealthy in the water. (Stealth+)
You are amphibious.
You can wear up to eight rings at the same time.
You can use your tentacles to constrict eight enemies at once.
Your skin changes colour to match your surroundings (Stealth+).
Your rubbery body absorbs attacks. (AC +1, EV +1)


Message History

Sigmund hits you with a +0 scythe.
* * * LOW HITPOINT WARNING * * *
The jackal closely misses you.
Unknown command.
Unknown command.
Unknown command.
You completely miss Sigmund. You squeeze Sigmund.
Sigmund is moderately wounded.
You constrict Sigmund. The jackal barely misses you.
Sigmund casts a spell at you.
You are confused.
Unknown command.
Unknown command.
Unknown command.
You bump into the rock wall.
You constrict Sigmund. The jackal barely misses you. The jackal bites you.
* * * LOW HITPOINT WARNING * * *
Sigmund hits you with a +0 scythe!
You die...
Xom laughs nastily!

.#.# #.###
##...###.#......
.#.# #...# ##'##
#.#.).... .#.#
###.# #.#
#.#...... .#.#
.# #.# #.#......
.#.. .# ##.##
#.####### ## ##
.#
######...###..
... .# ..$ .#
..w#.....####
### .# #.# .#
#@#...........
.# .#
#@......######
.# #h#.....# .#.
#.###.### .#.#
#.# #.# ..# #.#
# ### #.# #. #.#
#.####### #.####
#.......#
#.h..##


You could see Sigmund, a worm and a jackal.

Vanquished Creatures
  Natasha (D:3)
  3 adders
  An ooze (D:2)
  A worm (D:2)
  A leopard gecko (D:2)
  A ball python (D:2)
  5 hobgoblins
  4 jackals (D:2)
  2 kobolds
  A quokka (D:2)
  A bat (D:1)
  A frilled lizard (D:1)
  4 goblins
26 creatures vanquished.

Vanquished Creatures (others)
  2 fungi (D:3)
  2 plants (D:3)
4 creatures vanquished.

Grand Total: 30 creatures vanquished

Notes
Turn   | Place    | Note
-------+----------+-------------------------------------------
     0 | D:1      | Maedhros the Octopode Chaos Knight began the quest for the
                  | Orb.
     0 | D:1      | Reached XP level 1. HP: 16/16 MP: 1/1
   108 | D:1      | XOM: silly message
   161 | D:1      | XOM: silly message
   215 | D:2      | Reached XP level 2. HP: 15/21 MP: 2/2
   291 | D:2      | Reached skill level 4 in Unarmed Combat
   331 | D:2      | XOM: 8-stop teleportation journey
   514 | D:2      | Reached XP level 3. HP: 23/26 MP: 3/3
   606 | D:3      | Noticed Natasha
   608 | D:3      | Found a runed translucent gate.
   608 | D:3      | Found a runed translucent gate.
   609 | D:3      | Found a runed translucent gate.
   611 | D:3      | Noticed Tali's ghost (amateur DsBe)
   611 | D:3      | XOM: butterfly on damage
   615 | D:3      | Killed Natasha
   615 | D:3      | Reached XP level 4. HP: 16/31 MP: 4/4
   774 | D:2      | Reached skill level 5 in Unarmed Combat
  1019 | D:2      | XOM: silly message
  1780 | D:2      | XOM: 2-stop teleportation journey
  1784 | D:2      | XOM: silly message
  2285 | D:3      | XOM: 1-stop teleportation journey
  2286 | D:3      | Noticed an ogre
  2299 | D:3      | XOM: cast spell 'Cause Fear'
  2300 | D:3      | Noticed Natasha
  2315 | D:3      | XOM: divination: detect creatures
  2320 | D:3      | XOM: confusion (+ monsters)
  2325 | D:3      | XOM: divination: magic mapping
  2428 | D:2      | XOM is BORED!
  2437 | D:2      | Noticed Sigmund
  2446 | D:2      | Mangled by Sigmund

Levels and vault maps discovered:
D:1:      erik_arrival_orb_chamber, layout_basic
D:2:      layout_loops_corners, serial_co_window_serial, co_window_corner_a,
          co_window_paths_b, co_window_paths_a, co_window_corner_a,
          co_window_of_opportunity_a, co_window_corner_a, co_window_paths_a,
          co_window_corner_cb, co_window_of_opportunity_c,
          co_window_unsneaky_path_b, co_window_corner_ca,
          co_window_unsneaky_path_b, co_window_of_opportunity_b,
          co_window_4corner_b, glass_columns_a, glass_columns_c, first_ration,
          uniq_sigmund
D:3:      layout_basic, gammafunk_ghost_nasty_kobolds, moated_statue,
          kennysheep_generic_room_12, uniq_natasha

Skill      XL: |  1  2  3  4 |
---------------+-------------+-----
Unarmed Combat | 4 5 |  5.2
Fighting       | |  3.0
Dodging        | |  2.3

Action                   |  1- 3 |  4- 6 || total
-------------------------+-------+-------++-------
Melee: Unarmed           |    44 |    41 ||    85
       Constrict         |     9 |     7 ||    16
       Tentacles         |     9 |     3 ||    12
       Punch             |       |     1 ||     1
  Use: Potion            |       |     1 ||     1
 Stab: Sleeping          |     2 |     1 ||     3
  Eat: Ration            |       |     1 ||     1
Armor: Skin              |     2 |     1 ||     3
Dodge: Dodged            |    20 |    26 ||    46

Table legend:
 A = Non-vault XP
 B = Vault XP
 C = Vault XP percentage of total XP
 D = Non-vault monster count
 E = Vault monster count
 F = Vault count percentage of total count
                 A         B        C        D         E       F
            +---------+---------+-------+---------+---------+-------
      Total |      89 |      37 |  29.4 |      24 |       2 |   7.7
            +---------+---------+-------+---------+---------+-------
        D:1 |       7 |       0 |   0.0 |       5 |       0 |   0.0
        D:2 |      60 |       0 |   0.0 |      14 |       0 |   0.0
        D:3 |      22 |      37 |  62.7 |       5 |       2 |  28.6
            +---------+---------+-------+---------+---------+-------
